CALGARY vs OTTAWA

Created - March-28-21 at 00:16

Goals
1 2 3 T
CALGARY 1 1 0 2
OTTAWA 0 1 0 1
Shots
1 2 3 T
CALGARY 7 5 6 18
OTTAWA 6 8 4 18

1st period

1. CALGARY , Matt Nieto 3 (Jaccob Slavin 22) at 12:39

Penalties :
Mark Borowiecki (OTT) for Hooking (Minor) at 3:14

2nd period

2. CALGARY , Mitchell Marner 10 (Brock Boeser 21, Mikhail Sergachev 15) at 8:26
3. OTTAWA , Ryan Suter 6 (Michael Raffl 12, Conor Garland 17) at 12:28

Penalties :
Joel Kellman (CGY) for Hooking (Minor) at 2:33, Jake Gardiner (CGY) for Slashing (Minor) at 13:12

3rd period

No Goal

Penalties :
Mark Borowiecki (OTT) for High sticking (Minor) at 11:57, Jujhar Khaira (OTT) for Hooking (Minor) at 15:21, Yanni Gourde (OTT) for Hooking (Minor) at 16:15

Goalie Stats

Jack Campbell (CGY), 17 saves from 18 shots - (0.944), W, 7-7-3, 60:00 minutes
Laurent Brossoit (OTT), 16 saves from 18 shots - (0.889), L, 4-4-1, 59:34 minutes

Players Stats for CALGARY

Player Name              G  A  P  +/- PIM S  H  SB GA TA FO     MP     PP MP  PK MP  
------------------------------------------------------------------------------------
Blake Coleman            0  0  0  -1  0   1  1  0  0  0  1/1    12:35   0:48   2:45 
Brock Boeser             0  1  1   1  0   3  0  0  0  0  0/0    18:55   2:52   0:00 
Chris Tierney            0  0  0   1  0   3  3  0  0  0  11/18  20:31   2:58   1:13 
Derick Brassard          0  0  0  -1  0   0  0  0  0  0  3/8     8:45   0:00   0:00 
Drake Caggiula           0  0  0   1  0   0  2  0  0  0  0/0     8:03   0:36   0:00 
Elias Pettersson         0  0  0   0  0   0  0  2  0  0  6/6    21:02   3:23   1:00 
Jaccob Slavin            0  1  1   0  0   0  0  3  0  0  0/0    22:50   3:42   2:16 
Jake Gardiner            0  0  0   1  2   0  3  1  0  0  0/0    16:51   0:36   0:00 
Jamie Benn               0  0  0   0  0   1  2  1  0  0  12/23  21:16   2:52   1:45 
Joel Kellman             0  0  0   1  2   2  0  0  0  0  5/9     7:26   0:00   0:00 
Markus Nutivaara         0  0  0   0  0   1  0  1  0  0  0/0    16:14   0:11   0:00 
Matt Nieto               1  0  1   1  0   2  0  0  0  0  0/0     8:03   0:36   0:00 
Mikhail Sergachev        0  1  1   1  0   1  4  1  0  0  0/0    21:04   3:06   1:42 
Mitchell Marner          1  0  1   1  0   4  2  0  0  0  0/1    19:31   3:11   0:00 
Patrik Laine             0  0  0   0  0   0  1  0  0  0  1/1    20:02   3:23   0:00 
Rasmus Dahlin            0  0  0   0  0   0  3  1  0  0  0/0    22:17   3:09   2:16 
Tyler Bertuzzi           0  0  0  -1  0   0  1  0  0  0  0/1    12:50   2:52   1:13 
Zach Bogosian            0  0  0   0  0   0  0  1  0  0  0/0    17:45   0:00   1:42 

Players Stats for OTTAWA

Player Name              G  A  P  +/- PIM S  H  SB GA TA FO     MP     PP MP  PK MP  
------------------------------------------------------------------------------------
Andreas Johnsson         0  0  0  -1  0   3  0  0  0  0  1/1    10:41   1:34   0:00 
Conor Garland            0  1  1   1  0   0  0  0  0  0  0/0    13:40   0:00   0:36 
Dmitry Kulikov           0  0  0   0  0   0  2  1  0  0  0/0    15:31   0:00   0:52 
Garnet Hathaway          0  0  0  -1  0   1  5  0  0  0  5/19   16:58   0:00   3:44 
Jordan Eberle            0  0  0  -1  0   4  0  0  0  0  0/1    20:22   2:24   3:57 
Jujhar Khaira            0  0  0  -1  2   0  2  0  0  0  0/0    10:03   0:00   1:10 
Kyle Okposo              0  0  0   0  0   0  0  0  0  0  0/0    14:58   1:34   0:12 
Marcus Johansson         0  0  0   0  0   0  0  0  0  0  8/12   16:10   2:24   0:00 
Mark Borowiecki          0  0  0  -2  4   0  0  1  0  0  0/0    22:01   2:12   1:12 
Michael Raffl            0  1  1   1  0   1  0  0  0  0  0/0    13:04   0:00   0:00 
Michael Rasmussen        0  0  0  -1  0   0  2  0  0  0  4/13    9:10   0:00   0:03 
Michal Kempny            0  0  0   0  0   2  1  3  0  0  0/0    19:08   2:12   2:17 
Mirco Mueller            0  0  0  -2  0   0  0  0  0  0  0/0    19:39   0:00   3:24 
Nikita Gusev             0  0  0   0  0   1  1  0  0  0  0/0    13:48   0:00   0:49 
Oskar Sundqvist          0  0  0   1  0   2  2  2  0  0  10/21  16:19   1:34   1:41 
Ryan Suter               1  0  1   1  0   3  2  0  0  0  0/0    24:12   1:46   3:35 
Vince Dunn               0  0  0   1  0   1  1  0  0  0  0/0    18:15   1:46   1:10 
Yanni Gourde             0  0  0  -1  2   0  2  0  0  0  1/1    18:01   2:24   1:36 

3 Stars

1 - Mitchell Marner (CGY)
2 - Ryan Suter (OTT)
3 - Mikhail Sergachev (CGY)

Power Play

CALGARY - 0 on 4 Attempt(s) - 0.00%
OTTAWA - 0 on 2 Attempt(s) - 0.00%

Penalty Kill

CALGARY - 2 on 2 Attempt(s) - 100.00% - Score 0 goal in Penalty Kill
OTTAWA - 4 on 4 Attempt(s) - 100.00% - Score 0 goal in Penalty Kill

Team Stat

CALGARY - Hits : 22 - Faceoff Wins : 39 - Blocked Shots : 11 - Penalty Minutes : 4
OTTAWA - Hits : 20 - Faceoff Wins : 29 - Blocked Shots : 7 - Penalty Minutes : 8

Official

Referees : Shaun Davis and Jean Luc Denicourt
Linesman : Michael Healy and Glen Cooke

Game Notes

No Game Note

Finance

Level 1 -- Attendance: 4210 (70.17%) -- Ticket Income $421,000
Level 2 -- Attendance: 3507 (70.14%) -- Ticket Income $210,420
Level 3 -- Attendance: 2000 (100.00%) -- Ticket Income $70,000
Level 4 -- Attendance: 3958 (98.95%) -- Ticket Income $79,160
Luxury Box -- Attendance: 718 (71.80%) -- Ticket Income $143,600
Game was played at the Canadian Tire Center.
Total Attendance: 14393 (79.96%)
Total Ticket Income: $924,180
Total Income: $924,180

CALGARY

5 vs 5 Forward 
   Center                   Left Wing                Right Wing               Time % Phy DF OF 
 1 Jamie Benn               Elias Pettersson         Patrik Laine             40     1   1  3  
 2 Chris Tierney            Mitchell Marner          Brock Boeser             40     1   1  3  
 3 Derick Brassard          Tyler Bertuzzi           Blake Coleman            11     1   2  2  
 4 Joel Kellman             Matt Nieto               Drake Caggiula           9      2   3  0  

5 vs 5 Defense 
   Defense                  Defense                                           Time % Phy DF OF 
 1 Jaccob Slavin            Rasmus Dahlin                                     35     1   1  3  
 2 Jake Gardiner            Mikhail Sergachev                                 30     1   2  2  
 3 Markus Nutivaara         Zach Bogosian                                     25     3   2  0  
 4 Rasmus Dahlin            Jaccob Slavin                                     10     1   2  2  

PowerPlay Forward 
   Center                   Left Wing                Right Wing               Time % Phy DF OF 
 1 Elias Pettersson         Patrik Laine             Mitchell Marner          62     0   1  4  
 2 Jamie Benn               Tyler Bertuzzi           Brock Boeser             38     0   1  4  

PowerPlay Defense
   Defense                  Defense                                           Time % Phy DF OF 
 1 Mikhail Sergachev        Jaccob Slavin                                     64     1   2  2  
 2 Chris Tierney            Rasmus Dahlin                                     36     1   2  2  

Penalty Kill 4 Players Forward 
   Center                   Wing                     Time % Phy DF OF 
 1 Jamie Benn               Blake Coleman            60     1   4  0  
 2 Chris Tierney            Tyler Bertuzzi           40     1   4  0  

Penalty Kill 4 Players Defense
   Defense                  Defense                  Time % Phy DF OF 
 1 Jaccob Slavin            Rasmus Dahlin            60     1   4  0  
 2 Zach Bogosian            Mikhail Sergachev        40     1   4  0  

Penalty Kill - 3 Players Forward 
   Forward                                           Time % Phy DF OF 
 1 Blake Coleman                                     60     1   4  0  
 2 Chris Tierney                                     40     1   4  0  

Penalty Kill - 3 Players Defense
   Defense                  Defense                  Time % Phy DF OF 
 1 Jaccob Slavin            Rasmus Dahlin            60     1   4  0  
 2 Zach Bogosian            Mikhail Sergachev        40     1   4  0  

4 vs 4 Forward 
   Center                   Wing                     Time % Phy DF OF 
 1 Elias Pettersson         Patrik Laine             60     1   1  3  
 2 Jamie Benn               Mitchell Marner          40     1   1  3  

4 vs 4 Defense
   Defense                  Defense                  Time % Phy DF OF 
 1 Jaccob Slavin            Rasmus Dahlin            60     0   1  4  
 2 Tyler Bertuzzi           Mikhail Sergachev        40     0   1  4  

Last Minutes Offensive
   Center                   Left Wing                Right Wing               Defense                  Defense                  
   Jamie Benn               Brock Boeser             Mitchell Marner          Jaccob Slavin            Rasmus Dahlin            

Last Minutes Defensive
   Center                   Left Wing                Right Wing               Defense                  Defense                  
   Jamie Benn               Elias Pettersson         Mitchell Marner          Jaccob Slavin            Rasmus Dahlin            

Goaltenders
Starting : Jack Campbell            
Backup : Anders Nilsson           

Extra Forwards
Normal : Chris Tierney, Blake Coleman, Derick Brassard - PP : Chris Tierney, Blake Coleman - PK : Elias Pettersson
Extra Defensemen
Normal : Jake Gardiner, Jaccob Slavin, Rasmus Dahlin - PP : Jake Gardiner - PK : Markus Nutivaara, Mikhail Sergachev
Penalty Shots
Mitchell Marner, Jamie Benn, Elias Pettersson, Brock Boeser, Patrik Laine

Scratches
CGY Cap Hit (Suspend), Shane Bowers (Healthy)

OTTAWA

5 vs 5 Forward 
   Center                   Left Wing                Right Wing               Time % Phy DF OF 
 1 Garnet Hathaway          Yanni Gourde             Jordan Eberle            35     0   1  4  
 2 Oskar Sundqvist          Michael Raffl            Conor Garland            30     1   2  2  
 3 Marcus Johansson         Kyle Okposo              Nikita Gusev             25     1   3  1  
 4 Michael Rasmussen        Jujhar Khaira            Andreas Johnsson         10     2   2  1  

5 vs 5 Defense 
   Defense                  Defense                                           Time % Phy DF OF 
 1 Mirco Mueller            Mark Borowiecki                                   35     1   1  3  
 2 Ryan Suter               Vince Dunn                                        30     1   2  2  
 3 Michal Kempny            Dmitry Kulikov                                    25     1   3  1  
 4 Ryan Suter               Mark Borowiecki                                   10     2   2  1  

PowerPlay Forward 
   Center                   Left Wing                Right Wing               Time % Phy DF OF 
 1 Marcus Johansson         Yanni Gourde             Jordan Eberle            60     0   1  4  
 2 Oskar Sundqvist          Andreas Johnsson         Kyle Okposo              40     0   2  3  

PowerPlay Defense
   Defense                  Defense                                           Time % Phy DF OF 
 1 Vince Dunn               Ryan Suter                                        60     0   1  4  
 2 Mark Borowiecki          Michal Kempny                                     40     0   2  3  

Penalty Kill 4 Players Forward 
   Center                   Wing                     Time % Phy DF OF 
 1 Garnet Hathaway          Jordan Eberle            60     1   3  1  
 2 Nikita Gusev             Yanni Gourde             40     1   4  0  

Penalty Kill 4 Players Defense
   Defense                  Defense                  Time % Phy DF OF 
 1 Ryan Suter               Mirco Mueller            60     1   3  1  
 2 Mark Borowiecki          Michal Kempny            40     1   4  0  

Penalty Kill - 3 Players Forward 
   Forward                                           Time % Phy DF OF 
 1 Oskar Sundqvist                                   60     0   4  1  
 2 Garnet Hathaway                                   40     2   3  0  

Penalty Kill - 3 Players Defense
   Defense                  Defense                  Time % Phy DF OF 
 1 Ryan Suter               Mirco Mueller            60     0   4  1  
 2 Michal Kempny            Mark Borowiecki          40     2   3  0  

4 vs 4 Forward 
   Center                   Wing                     Time % Phy DF OF 
 1 Oskar Sundqvist          Yanni Gourde             60     1   2  2  
 2 Garnet Hathaway          Kyle Okposo              40     1   2  2  

4 vs 4 Defense
   Defense                  Defense                  Time % Phy DF OF 
 1 Ryan Suter               Vince Dunn               60     1   2  2  
 2 Mark Borowiecki          Michal Kempny            40     1   2  2  

Last Minutes Offensive
   Center                   Left Wing                Right Wing               Defense                  Defense                  
   Marcus Johansson         Yanni Gourde             Jordan Eberle            Ryan Suter               Vince Dunn               

Last Minutes Defensive
   Center                   Left Wing                Right Wing               Defense                  Defense                  
   Oskar Sundqvist          Yanni Gourde             Jordan Eberle            Ryan Suter               Mirco Mueller            

Goaltenders
Starting : Laurent Brossoit         
Backup : Pekka Rinne              

Extra Forwards
Normal : Yanni Gourde, Oskar Sundqvist, Garnet Hathaway - PP : Kyle Okposo, Conor Garland - PK : Jordan Eberle
Extra Defensemen
Normal : Ryan Suter, Mirco Mueller, Mark Borowiecki - PP : Michal Kempny - PK : Dmitry Kulikov, Vince Dunn
Penalty Shots
Michael Rasmussen, Jordan Eberle, Kyle Okposo, Yanni Gourde, Conor Garland

Scratches
OTT Cap Hit (Suspend), Dominik Simon (Healthy), Joakim Nygard (Healthy), Brandon Pirri (Healthy), Greg Pateryn (Healthy)

% Time on Ice - CALGARY

Lines # - Real PCT - Wanted PCT - Time Play
Normal Forward
1 - 34% - 40% - 16:39
2 - 33% - 40% - 16:03
3 - 18% - 11% - 8:45
4 - 15% - 9% - 7:27
Normal Defense
1 - 31% - 35% - 15:08
2 - 33% - 30% - 16:16
3 - 33% - 25% - 16:03
4 - 3% - 10% - 1:27
PP Forward
1 - 58% - 62% - 3:59
2 - 42% - 38% - 2:52
PP Defense
1 - 54% - 64% - 3:42
2 - 46% - 36% - 3:09
PK Forward
1 - 69% - 60% - 2:45
2 - 31% - 40% - 1:13
PK Defense
1 - 57% - 60% - 2:16
2 - 43% - 40% - 1:42
PK3 Forward
1 - 0% - 60%
2 - 0% - 40%
PK3 Defense
1 - 0% - 60%
2 - 0% - 40%
44 Forward
1 - 0% - 60%
2 - 0% - 40%
44 Defense
1 - 0% - 60%
2 - 0% - 40%
Last Minute Offensive  - 0:00
Last Minute Defensive  - 0:17
Total
Forward - 60:00
Defense - 60:00

% Time on Ice - OTTAWA

Lines # - Real PCT - Wanted PCT - Time Play
Normal Forward
1 - 27% - 35% - 13:14
2 - 27% - 30% - 13:04
3 - 27% - 25% - 12:59
4 - 19% - 10% - 9:07
Normal Defense
1 - 32% - 35% - 15:28
2 - 32% - 30% - 15:19
3 - 30% - 25% - 14:39
4 - 6% - 10% - 2:58
PP Forward
1 - 61% - 60% - 2:24
2 - 39% - 40% - 1:34
PP Defense
1 - 45% - 60% - 1:46
2 - 55% - 40% - 2:12
PK Forward
1 - 79% - 60% - 4:33
2 - 21% - 40% - 1:13
PK Defense
1 - 54% - 60% - 3:08
2 - 46% - 40% - 2:38
PK3 Forward
1 - 100% - 60% - 1:05
2 - 0% - 40% - 0:00
PK3 Defense
1 - 15% - 60% - 0:10
2 - 85% - 40% - 0:55
44 Forward
1 - 0% - 60%
2 - 0% - 40%
44 Defense
1 - 0% - 60%
2 - 0% - 40%
Last Minute Offensive  - 0:47
Last Minute Defensive  - 0:00
Total
Forward - 60:00
Defense - 60:00

Play-by-Play

1st period


0:01 of 1st period - Garnet Hathaway wins face-off versus Jamie Benn in neutral zone.
0:06 of 1st period - Shot by Jordan Eberle.
0:06 of 1st period - Shot Blocked by Jaccob Slavin.
0:24 of 1st period - Shot by Garnet Hathaway.
0:24 of 1st period - Shot Blocked by Jaccob Slavin.
1:02 of 1st period - Shot by Jake Gardiner.
1:02 of 1st period - Shot Hit the Post.
1:28 of 1st period - Shot by Conor Garland.
1:28 of 1st period - Shot Misses the Net.
2:49 of 1st period - Shot by Elias Pettersson.
2:49 of 1st period - Shot Misses the Net.
2:57 of 1st period - Shot by Patrik Laine.
2:57 of 1st period - Shot Blocked by Michal Kempny.
3:14 of 1st period - Minor Penalty to Mark Borowiecki for Hooking.
3:15 of 1st period - Elias Pettersson wins face-off versus Garnet Hathaway in OTTAWA zone.
3:24 of 1st period - Shot by Elias Pettersson.
3:24 of 1st period - Shot Misses the Net.
4:12 of 1st period - Shot by Brock Boeser.
4:12 of 1st period - Shot Misses the Net.
4:39 of 1st period - Jaccob Slavin is hit by Jujhar Khaira and loses puck.
4:43 of 1st period - Jaccob Slavin is hit by Oskar Sundqvist and loses puck.
4:56 of 1st period - Shot by Jaccob Slavin.
4:56 of 1st period - Shot Blocked by Oskar Sundqvist.
4:58 of 1st period - Shot by Jaccob Slavin.
4:58 of 1st period - Shot Blocked by Oskar Sundqvist.
5:26 of 1st period - Shot by Andreas Johnsson.
5:26 of 1st period - Stopped by Jack Campbell without a rebound.
5:27 of 1st period - Joel Kellman wins face-off versus Oskar Sundqvist in CALGARY zone.
5:44 of 1st period - Shot by Oskar Sundqvist.
5:44 of 1st period - Stopped by Jack Campbell without a rebound.
5:45 of 1st period - Jamie Benn wins face-off versus Michael Rasmussen in CALGARY zone.
5:50 of 1st period - Andreas Johnsson is hit by Patrik Laine and loses puck.
6:12 of 1st period - Icing by Michal Kempny.
6:13 of 1st period - Chris Tierney wins face-off versus Michael Rasmussen in OTTAWA zone.
6:36 of 1st period - Shot by Chris Tierney.
6:36 of 1st period - Deflect By Mitchell Marner.
6:36 of 1st period - Shot Misses the Net.
7:21 of 1st period - Shot by Joel Kellman.
7:21 of 1st period - Stopped by Laurent Brossoit without a rebound.
7:22 of 1st period - Oskar Sundqvist wins face-off versus Jamie Benn in OTTAWA zone.
7:33 of 1st period - Shot by Oskar Sundqvist.
7:33 of 1st period - Shot Blocked by Jamie Benn.
7:53 of 1st period - Shot by Michael Raffl.
7:53 of 1st period - Deflect By Conor Garland.
7:53 of 1st period - Shot Blocked by Mikhail Sergachev.
8:12 of 1st period - Ryan Suter is hit by Jake Gardiner and loses puck.
8:17 of 1st period - Shot by Marcus Johansson.
8:17 of 1st period - Shot Misses the Net.
8:36 of 1st period - Nikita Gusev is hit by Jake Gardiner.
9:08 of 1st period - Shot by Michal Kempny.
9:08 of 1st period - Stopped by Jack Campbell without a rebound.
9:09 of 1st period - Chris Tierney wins face-off versus Michael Rasmussen in CALGARY zone.
9:09 of 1st period - Chris Tierney is hit by Jujhar Khaira.
9:21 of 1st period - Shot by Chris Tierney.
9:21 of 1st period - Stopped by Laurent Brossoit without a rebound.
9:22 of 1st period - Joel Kellman wins face-off versus Oskar Sundqvist in OTTAWA zone.
10:19 of 1st period - Shot by Mitchell Marner.
10:19 of 1st period - Stopped by Laurent Brossoit without a rebound.
10:20 of 1st period - Yanni Gourde wins face-off versus Derick Brassard in OTTAWA zone.
10:31 of 1st period - Derick Brassard is hit by Garnet Hathaway and loses puck.
11:58 of 1st period - Icing by Dmitry Kulikov.
11:59 of 1st period - Andreas Johnsson wins face-off versus Jamie Benn in OTTAWA zone.
11:59 of 1st period - Andreas Johnsson is hit by Jamie Benn.
12:10 of 1st period - Michael Rasmussen is hit by Mikhail Sergachev and loses puck.
12:16 of 1st period - Andreas Johnsson is hit by Mikhail Sergachev.
12:18 of 1st period - Shot by Jujhar Khaira.
12:18 of 1st period - Shot Misses the Net.
12:22 of 1st period - Shot by Andreas Johnsson.
12:22 of 1st period - Stopped by Jack Campbell without a rebound.
12:23 of 1st period - Joel Kellman wins face-off versus Garnet Hathaway in CALGARY zone.
12:28 of 1st period - Garnet Hathaway is hit by Drake Caggiula and loses puck.
12:39 of 1st period - Shot by Matt Nieto.
12:39 of 1st period - Goal by Matt Nieto - CALGARY : 1 - OTTAWA : 0.
12:40 of 1st period - Chris Tierney wins face-off versus Oskar Sundqvist in neutral zone.
12:45 of 1st period - Conor Garland is hit by Mitchell Marner and loses puck.
12:52 of 1st period - Shot by Ryan Suter.
12:52 of 1st period - Stopped by Jack Campbell without a rebound.
12:53 of 1st period - Jamie Benn wins face-off versus Garnet Hathaway in CALGARY zone.
13:20 of 1st period - Shot by Jamie Benn.
13:20 of 1st period - Shot Misses the Net.
13:22 of 1st period - Shot by Markus Nutivaara.
13:22 of 1st period - Stopped by Laurent Brossoit without a rebound.
13:23 of 1st period - Chris Tierney wins face-off versus Oskar Sundqvist in OTTAWA zone.
13:34 of 1st period - Icing by Rasmus Dahlin.
13:35 of 1st period - Marcus Johansson wins face-off versus Chris Tierney in CALGARY zone.
13:38 of 1st period - Shot by Nikita Gusev.
13:38 of 1st period - Deflect By Kyle Okposo.
13:38 of 1st period - Shot Misses the Net.
14:09 of 1st period - Vince Dunn is hit by Rasmus Dahlin and loses puck.
14:32 of 1st period - Icing by Mikhail Sergachev.
14:33 of 1st period - Garnet Hathaway wins face-off versus Jamie Benn in CALGARY zone.
14:57 of 1st period - Shot by Jordan Eberle.
14:57 of 1st period - Stopped by Jack Campbell without a rebound.
14:58 of 1st period - Oskar Sundqvist wins face-off versus Tyler Bertuzzi in CALGARY zone.
15:09 of 1st period - Shot by Blake Coleman.
15:09 of 1st period - Shot Misses the Net.
15:28 of 1st period - Shot by Blake Coleman.
15:28 of 1st period - Shot Misses the Net.
16:02 of 1st period - Shot by Chris Tierney.
16:02 of 1st period - Stopped by Laurent Brossoit with a rebound.
16:04 of 1st period - Shot by Rasmus Dahlin.
16:04 of 1st period - Shot Misses the Net.
17:49 of 1st period - Shot by Matt Nieto.
17:49 of 1st period - Shot Misses the Net.
17:51 of 1st period - Shot by Matt Nieto.
17:51 of 1st period - Stopped by Laurent Brossoit without a rebound.
17:52 of 1st period - Marcus Johansson wins face-off versus Derick Brassard in OTTAWA zone.
17:56 of 1st period - Icing by Michal Kempny.
17:57 of 1st period - Marcus Johansson wins face-off versus Chris Tierney in OTTAWA zone.
17:57 of 1st period - Marcus Johansson is hit by Chris Tierney.
18:59 of 1st period - Off-side.
19:00 of 1st period - Jamie Benn wins face-off versus Michael Rasmussen in neutral zone.
19:20 of 1st period - Shot by Andreas Johnsson.
19:20 of 1st period - Shot Misses the Net.
19:22 of 1st period - Shot by Jujhar Khaira.
19:22 of 1st period - Shot Misses the Net.
19:53 of 1st period - Off-side.
19:54 of 1st period - Oskar Sundqvist wins face-off versus Joel Kellman in neutral zone.
Goals for this period are 1 for CALGARY vs 0 for OTTAWA.
Shots for this period are 7 for CALGARY vs 6 for OTTAWA.

2nd period


0:01 of 2nd period - Oskar Sundqvist wins face-off versus Chris Tierney in neutral zone.
0:01 of 2nd period - Oskar Sundqvist is hit by Chris Tierney.
0:49 of 2nd period - Shot by Michal Kempny.
0:49 of 2nd period - Stopped by Jack Campbell without a rebound.
0:50 of 2nd period - Jamie Benn wins face-off versus Garnet Hathaway in CALGARY zone.
0:50 of 2nd period - Jamie Benn is hit by Garnet Hathaway.
0:57 of 2nd period - Off-side.
0:58 of 2nd period - Garnet Hathaway wins face-off versus Jamie Benn in neutral zone.
1:15 of 2nd period - Shot by Yanni Gourde.
1:15 of 2nd period - Shot Misses the Net.
1:28 of 2nd period - Elias Pettersson is hit by Dmitry Kulikov and loses puck.
2:14 of 2nd period - Icing by Mikhail Sergachev.
2:15 of 2nd period - Joel Kellman wins face-off versus Oskar Sundqvist in CALGARY zone.
2:33 of 2nd period - Minor Penalty to Joel Kellman for Hooking.
2:34 of 2nd period - Oskar Sundqvist wins face-off versus Jamie Benn in CALGARY zone.
2:35 of 2nd period - Shot by Vince Dunn.
2:35 of 2nd period - Shot Blocked by Jaccob Slavin.
2:37 of 2nd period - Shot by Ryan Suter.
2:37 of 2nd period - Shot Blocked by Rasmus Dahlin.
2:39 of 2nd period - Shot by Ryan Suter.
2:39 of 2nd period - Stopped by Jack Campbell without a rebound.
2:40 of 2nd period - Marcus Johansson wins face-off versus Jamie Benn in CALGARY zone.
4:20 of 2nd period - Jordan Eberle is hit by Rasmus Dahlin and loses puck.
5:49 of 2nd period - Shot by Vince Dunn.
5:49 of 2nd period - Shot Misses the Net.
6:03 of 2nd period - Shot by Nikita Gusev.
6:03 of 2nd period - Shot Blocked by Markus Nutivaara.
7:17 of 2nd period - Shot by Garnet Hathaway.
7:17 of 2nd period - Shot Misses the Net.
7:19 of 2nd period - Shot by Jordan Eberle.
7:19 of 2nd period - Stopped by Jack Campbell without a rebound.
7:20 of 2nd period - Garnet Hathaway wins face-off versus Joel Kellman in CALGARY zone.
7:54 of 2nd period - Shot by Garnet Hathaway.
7:54 of 2nd period - Stopped by Jack Campbell without a rebound.
7:55 of 2nd period - Oskar Sundqvist wins face-off versus Derick Brassard in CALGARY zone.
8:14 of 2nd period - Shot by Blake Coleman.
8:14 of 2nd period - Stopped by Laurent Brossoit without a rebound.
8:15 of 2nd period - Michael Rasmussen wins face-off versus Chris Tierney in OTTAWA zone.
8:15 of 2nd period - Michael Rasmussen is hit by Chris Tierney.
8:20 of 2nd period - Icing by Mirco Mueller.
8:21 of 2nd period - Chris Tierney wins face-off versus Michael Rasmussen in OTTAWA zone.
8:26 of 2nd period - Shot by Mitchell Marner.
8:26 of 2nd period - Goal by Mitchell Marner - CALGARY : 2 - OTTAWA : 0.
8:27 of 2nd period - Garnet Hathaway wins face-off versus Chris Tierney in neutral zone.
8:44 of 2nd period - Shot by Mitchell Marner.
8:44 of 2nd period - Shot Misses the Net.
9:26 of 2nd period - Conor Garland is hit by Jake Gardiner and loses puck.
9:32 of 2nd period - Michael Raffl is hit by Mikhail Sergachev and loses puck.
9:37 of 2nd period - Shot by Oskar Sundqvist.
9:37 of 2nd period - Shot Misses the Net.
9:42 of 2nd period - Icing by Mikhail Sergachev.
9:43 of 2nd period - Michael Rasmussen wins face-off versus Chris Tierney in CALGARY zone.
9:47 of 2nd period - Andreas Johnsson is hit by Mikhail Sergachev and loses puck.
11:15 of 2nd period - Icing by Mark Borowiecki.
11:16 of 2nd period - Marcus Johansson wins face-off versus Joel Kellman in OTTAWA zone.
11:32 of 2nd period - Joel Kellman is hit by Dmitry Kulikov and loses puck.
11:38 of 2nd period - Drake Caggiula is hit by Michal Kempny and loses puck.
11:49 of 2nd period - Shot by Joel Kellman.
11:49 of 2nd period - Shot Blocked by Michal Kempny.
12:03 of 2nd period - Shot by Jordan Eberle.
12:03 of 2nd period - Stopped by Jack Campbell without a rebound.
12:04 of 2nd period - Derick Brassard wins face-off versus Oskar Sundqvist in CALGARY zone.
12:26 of 2nd period - Shot by Conor Garland.
12:26 of 2nd period - Deflect By Michael Raffl.
12:26 of 2nd period - Shot Misses the Net.
12:28 of 2nd period - Shot by Ryan Suter.
12:28 of 2nd period - Goal by Ryan Suter - CALGARY : 2 - OTTAWA : 1.
12:29 of 2nd period - Jamie Benn wins face-off versus Marcus Johansson in neutral zone.
12:32 of 2nd period - Mirco Mueller is hit by Jamie Benn and loses puck.
12:55 of 2nd period - Shot by Elias Pettersson.
12:55 of 2nd period - Shot Blocked by Mark Borowiecki.
13:12 of 2nd period - Minor Penalty to Jake Gardiner for Slashing.
13:13 of 2nd period - Marcus Johansson wins face-off versus Jamie Benn in CALGARY zone.
13:18 of 2nd period - Shot by Jordan Eberle.
13:18 of 2nd period - Stopped by Jack Campbell with a rebound.
13:24 of 2nd period - Shot by Vince Dunn.
13:24 of 2nd period - Stopped by Jack Campbell without a rebound.
13:25 of 2nd period - Oskar Sundqvist wins face-off versus Jamie Benn in CALGARY zone.
14:33 of 2nd period - Icing by Mark Borowiecki.
14:34 of 2nd period - Elias Pettersson wins face-off versus Marcus Johansson in OTTAWA zone.
14:59 of 2nd period - Blake Coleman is hit by Yanni Gourde and loses puck.
15:15 of 2nd period - Icing by Rasmus Dahlin.
15:16 of 2nd period - Joel Kellman wins face-off versus Michael Rasmussen in CALGARY zone.
15:31 of 2nd period - Shot by Joel Kellman.
15:31 of 2nd period - Stopped by Laurent Brossoit without a rebound.
15:32 of 2nd period - Oskar Sundqvist wins face-off versus Chris Tierney in OTTAWA zone.
18:08 of 2nd period - Ryan Suter is hit by Blake Coleman and loses puck.
19:09 of 2nd period - Shot by Chris Tierney.
19:09 of 2nd period - Shot Blocked by Dmitry Kulikov.
19:11 of 2nd period - Shot by Brock Boeser.
19:11 of 2nd period - Stopped by Laurent Brossoit with a rebound.
19:13 of 2nd period - Shot by Brock Boeser.
19:13 of 2nd period - Shot Blocked by Michal Kempny.
19:15 of 2nd period - Shot by Mitchell Marner.
19:15 of 2nd period - Stopped by Laurent Brossoit without a rebound.
19:16 of 2nd period - Michael Rasmussen wins face-off versus Jamie Benn in OTTAWA zone.
Goals for this period are 1 for CALGARY vs 1 for OTTAWA.
Shots for this period are 5 for CALGARY vs 8 for OTTAWA.

3rd period


0:01 of 3rd period - Chris Tierney wins face-off versus Garnet Hathaway in neutral zone.
0:35 of 3rd period - Icing by Jaccob Slavin.
0:36 of 3rd period - Chris Tierney wins face-off versus Oskar Sundqvist in CALGARY zone.
1:01 of 3rd period - Shot by Michael Raffl.
1:01 of 3rd period - Shot Blocked by Jake Gardiner.
1:03 of 3rd period - Shot by Conor Garland.
1:03 of 3rd period - Shot Blocked by Elias Pettersson.
1:05 of 3rd period - Shot by Conor Garland.
1:05 of 3rd period - Shot Misses the Net.
1:11 of 3rd period - Shot by Michael Raffl.
1:11 of 3rd period - Stopped by Jack Campbell without a rebound.
1:12 of 3rd period - Blake Coleman wins face-off versus Marcus Johansson in CALGARY zone.
1:22 of 3rd period - Blake Coleman is hit by Ryan Suter and loses puck.
1:26 of 3rd period - Blake Coleman is hit by Vince Dunn and loses puck.
2:43 of 3rd period - Shot by Yanni Gourde.
2:43 of 3rd period - Shot Misses the Net.
2:45 of 3rd period - Shot by Mirco Mueller.
2:45 of 3rd period - Shot Misses the Net.
2:47 of 3rd period - Shot by Garnet Hathaway.
2:47 of 3rd period - Deflect By Jordan Eberle.
2:47 of 3rd period - Shot Blocked by Elias Pettersson.
3:19 of 3rd period - Icing by Jake Gardiner.
3:20 of 3rd period - Jamie Benn wins face-off versus Michael Rasmussen in CALGARY zone.
3:20 of 3rd period - Jamie Benn is hit by Michael Rasmussen.
3:42 of 3rd period - Shot by Brock Boeser.
3:42 of 3rd period - Shot Misses the Net.
3:44 of 3rd period - Shot by Mitchell Marner.
3:44 of 3rd period - Deflect By Brock Boeser.
3:44 of 3rd period - Stopped by Laurent Brossoit without a rebound.
3:45 of 3rd period - Oskar Sundqvist wins face-off versus Derick Brassard in OTTAWA zone.
3:49 of 3rd period - Off-side.
3:50 of 3rd period - Chris Tierney wins face-off versus Garnet Hathaway in neutral zone.
4:00 of 3rd period - Jaccob Slavin is hit by Garnet Hathaway and loses puck.
4:11 of 3rd period - Shot by Brock Boeser.
4:11 of 3rd period - Stopped by Laurent Brossoit without a rebound.
4:12 of 3rd period - Derick Brassard wins face-off versus Oskar Sundqvist in OTTAWA zone.
4:42 of 3rd period - Shot by Conor Garland.
4:42 of 3rd period - Shot Blocked by Zach Bogosian.
4:44 of 3rd period - Shot by Oskar Sundqvist.
4:44 of 3rd period - Stopped by Jack Campbell without a rebound.
4:45 of 3rd period - Chris Tierney wins face-off versus Garnet Hathaway in CALGARY zone.
4:54 of 3rd period - Shot by Mitchell Marner.
4:54 of 3rd period - Stopped by Laurent Brossoit without a rebound.
4:55 of 3rd period - Chris Tierney wins face-off versus Marcus Johansson in OTTAWA zone.
5:53 of 3rd period - Icing by Mirco Mueller.
5:54 of 3rd period - Marcus Johansson wins face-off versus Jamie Benn in OTTAWA zone.
6:04 of 3rd period - Icing by Mikhail Sergachev.
6:05 of 3rd period - Jamie Benn wins face-off versus Jordan Eberle in CALGARY zone.
6:05 of 3rd period - Patrik Laine is hit by Garnet Hathaway and loses puck.
6:11 of 3rd period - Jake Gardiner is hit by Ryan Suter and loses puck.
6:38 of 3rd period - Jamie Benn is hit by Yanni Gourde and loses puck.
6:48 of 3rd period - Off-side.
6:49 of 3rd period - Derick Brassard wins face-off versus Oskar Sundqvist in neutral zone.
7:45 of 3rd period - Shot by Andreas Johnsson.
7:45 of 3rd period - Stopped by Jack Campbell without a rebound.
7:46 of 3rd period - Marcus Johansson wins face-off versus Mitchell Marner in CALGARY zone.
8:12 of 3rd period - Vince Dunn is hit by Rasmus Dahlin and loses puck.
8:34 of 3rd period - Off-side.
8:35 of 3rd period - Jamie Benn wins face-off versus Garnet Hathaway in neutral zone.
8:35 of 3rd period - Elias Pettersson is hit by Garnet Hathaway and loses puck.
9:42 of 3rd period - Icing by Dmitry Kulikov.
9:43 of 3rd period - Oskar Sundqvist wins face-off versus Derick Brassard in OTTAWA zone.
9:43 of 3rd period - Oskar Sundqvist is hit by Tyler Bertuzzi.
10:19 of 3rd period - Shot by Blake Coleman.
10:19 of 3rd period - Shot Misses the Net.
10:25 of 3rd period - Derick Brassard is hit by Oskar Sundqvist and loses puck.
10:44 of 3rd period - Markus Nutivaara is hit by Nikita Gusev and loses puck.
10:53 of 3rd period - Vince Dunn is hit by Mitchell Marner and loses puck.
11:57 of 3rd period - Minor Penalty to Mark Borowiecki for High sticking.
11:58 of 3rd period - Elias Pettersson wins face-off versus Garnet Hathaway in OTTAWA zone.
12:09 of 3rd period - Shot by Mikhail Sergachev.
12:09 of 3rd period - Stopped by Laurent Brossoit without a rebound.
12:10 of 3rd period - Jamie Benn wins face-off versus Garnet Hathaway in OTTAWA zone.
13:29 of 3rd period - Shot by Chris Tierney.
13:29 of 3rd period - Shot Misses the Net.
13:31 of 3rd period - Shot by Chris Tierney.
13:31 of 3rd period - Stopped by Laurent Brossoit without a rebound.
13:32 of 3rd period - Elias Pettersson wins face-off versus Garnet Hathaway in OTTAWA zone.
15:08 of 3rd period - Shot by Kyle Okposo.
15:08 of 3rd period - Deflect By Nikita Gusev.
15:08 of 3rd period - Stopped by Jack Campbell without a rebound.
15:09 of 3rd period - Chris Tierney wins face-off versus Michael Rasmussen in CALGARY zone.
15:09 of 3rd period - Brock Boeser is hit by Michael Rasmussen and loses puck.
15:21 of 3rd period - Minor Penalty to Jujhar Khaira for Hooking.
15:22 of 3rd period - Elias Pettersson wins face-off versus Garnet Hathaway in OTTAWA zone.
15:30 of 3rd period - Icing by Rasmus Dahlin.
15:31 of 3rd period - Patrik Laine wins face-off versus Garnet Hathaway in CALGARY zone.
16:15 of 3rd period - Minor Penalty to Yanni Gourde for Hooking.
16:16 of 3rd period - Jamie Benn wins face-off versus Oskar Sundqvist in OTTAWA zone.
16:43 of 3rd period - Shot by Jamie Benn.
16:43 of 3rd period - Stopped by Laurent Brossoit without a rebound.
16:44 of 3rd period - Elias Pettersson wins face-off versus Oskar Sundqvist in OTTAWA zone.
17:41 of 3rd period - Icing by Brock Boeser.
17:42 of 3rd period - Jamie Benn wins face-off versus Garnet Hathaway in CALGARY zone.
18:27 of 3rd period - Icing by Vince Dunn.
18:28 of 3rd period - Michael Rasmussen wins face-off versus Joel Kellman in OTTAWA zone.
18:38 of 3rd period - Ryan Suter is hit by Drake Caggiula and loses puck.
18:44 of 3rd period - Icing by Vince Dunn.
18:45 of 3rd period - Jamie Benn wins face-off versus Michael Rasmussen in OTTAWA zone.
18:56 of 3rd period - Shot by Patrik Laine.
18:56 of 3rd period - Shot Misses the Net.
19:34 of 3rd period - OTTAWA, Laurent Brossoit is pulled from the net.
Goals for this period are 0 for CALGARY vs 0 for OTTAWA.
Shots for this period are 6 for CALGARY vs 4 for OTTAWA.